 Dungeon Sprint DCSS version 0.30.1-4-g462c640d31 (webtiles) character file.

Game seed: 15034377971941190422

10834 Heoruswealwe the Evocator (level 11, -6/52 HPs)
             Began as a Spriggan Artificer on Aug 25, 2023.
             Was the Champion of Fedhas.
             Killed by divine providence
             ... invoked by a meliai
              (10 damage)
             ... in the Dungeon (Sprint I: "Red Sonja").
             The game lasted 00:34:08 (1604 turns).

Heoruswealwe the Evocator (Spriggan Artificer)      Turns: 1604, Time: 00:34:08

Health: -6/52      AC:  3    Str:  8    XL:     11   Next: 41%
Magic:  2/18       EV: 38    Int: 17    God:    Fedhas [******]
Gold:   6          SH:  0    Dex: 25    Spells: 10/10 levels left

rFire   . . .        s - +5 rapier "Bunaped" {freeze, Fly Dex+4}
rCold   x . .        (no shield)
rNeg    + . .        w - +2 robe of Resourcefulness {rElec rC- Will+ Dex+5}
rPois   .            (helmet restricted)
rElec   +            (no cloak)
rCorr   .            (gloves unavailable)
SInv    +            (boots unavailable)
Will    +++++        v - amulet of the Four Winds {rN+ Will+++ Clar}
Stlth   ++++++++     k - ring of willpower
HPRegen 0.28/turn    (no ring)
MPRegen 0.16/turn

%: no teleportation, clarity
@: flying, very quick
A: very small, no large weapons, unfitting armour, see invisible, speed 3,
deformed body, robust 1, evolution 1
a: Renounce Religion, Wall of Briars, Grow Ballistomycete, Overgrow, Grow Oklob


You were in the Dungeon.
You worshipped Fedhas.
Fedhas was exalted by your worship.
You visited 1 branch You collected 1498 gold pieces.
You spent 1492 gold pieces at shops.

Inventory:

Hand Weapons
 s - the +5 rapier "Bunaped" (weapon) {freeze, Fly Dex+4}
   (You bought it in a shop in the Dungeon)

   Dex:       It affects your dexterity (+4).
   Fly:       It grants you flight.
Armour
 c - a +0 troll leather armour
 w - the +2 robe of Resourcefulness (worn) {rElec rC- Will+ Dex+5}
   (You bought it in a shop in the Dungeon)

   Dex:       It affects your dexterity (+5).
   rC:        It makes you vulnerable to cold.
   rElec:     It insulates you from electricity.
   Will:      It increases your willpower.
Jewellery
 i - an amulet of the acrobat
 k - a ring of willpower (left hand)
 v - the amulet of the Four Winds (around neck) {rN+ Will+++ Clar}
   (You bought it in a shop in the Dungeon)

   [amulet of nothing]

   rN:        It protects you from negative energy.
   Clar:      It protects you from confusion, rage, mesmerisation and fear.
   Will:      It greatly increases your willpower.
Wands
 d - a wand of charming (14)
 l - a wand of mindburst (4)
Scrolls
 e - 2 scrolls of magic mapping
 g - a scroll of blinking
 o - 4 scrolls of fear
 p - a scroll of immolation
 r - a scroll of fog
Potions
 b - a potion of attraction {unknown}
 f - a potion of curing
 h - 2 potions of haste
 j - a potion of berserk rage
 m - a potion of invisibility {unknown}
 n - 2 potions of magic
 q - a potion of lignification {unknown}
 t - a potion of cancellation {unknown}


   Skills:
 - Level 0.7 Fighting
 + Level 18.3 Dodging
 + Level 20.7 Stealth
 * Level 9.0 Invocations
 + Level 23.8 Evocations


You had 10 spell levels left.
You didn't know any spells.
Your spell library was empty.

Dungeon Overview and Level Annotations

Branches:
Dungeon (1/1)

Altars:
Cheibriados
Dithmenos
Elyvilon
Fedhas
Gozag
Hepliaklqana
Kikubaaqudgha
Makhleb
Nemelex Xobeh
Okawaru
Qazlal
Ru
Sif Muna
Trog
Uskayaw
Vehumet
Wu Jian
Xom
Yredelemnul
Zin
The Shining One
Jiyva
Lugonu

Shops:
D *[:!(([(*[=**(([?[([=


Innate Abilities, Weirdness & Mutations

You are very small and have problems with some larger weapons.
You are too small for most types of armour.
You have supernaturally acute eyesight. (SInv)
You cover ground extremely quickly. (Speed+++)
Armour fits poorly on your strangely shaped body.
You are robust. (+10% HP)
You have hidden genetic potential.


Message History

You barely miss the lorocyproca.
The lorocyproca is lightly wounded.
The lorocyproca completely misses you.
You hit the lorocyproca but do no damage.
The lorocyproca is lightly wounded.
The lorocyproca completely misses you.
You closely miss the lorocyproca.
The lorocyproca is lightly wounded.
The lorocyproca misses you.
You barely miss the lorocyproca.
The lorocyproca is lightly wounded.
The lorocyproca hits you!!
Ouch! That really hurt!
* * * LOW HITPOINT WARNING * * *
You feel your power leaking away.
You feel better. The lorocyproca completely misses you.
Aiming: Mindburst
Press: ? - help, Shift-Dir - straight line, f/p - lorocyproca
Aim: a lorocyproca (slightly transparent, chance to affect: 21%)
The lorocyproca resists with almost no effort.
The lorocyproca completely misses you. The lorocyproca completely misses you.
You see here 27 gold pieces.
Aiming: Grow Oklob (21% risk of failure)
Press: ? - help, Dir - move target, p - lorocyproca An oklob plant grows from the ground.
The lorocyproca barely misses you.
The lorocyproca hits your oklob plant but does no damage.
The lorocyproca hits your oklob plant. The lorocyproca hits your oklob plant!!
The lorocyproca hits your oklob plant! The lorocyproca hits your oklob plant.
The meliai mumbles some strange prayers to its god against you.
Something smites you!
* * * LOW HITPOINT WARNING * * *
The lorocyproca hits your oklob plant but does no damage.
The lorocyproca hits your oklob plant!
The meliai mumbles some strange prayers to its god against you.
Something smites you!
You die...
Fedhas appreciates your contribution to the ecosystem.

#########################
__#..'..)#.[#.§§§§§§.§.§+
..'..#...##'#§####§§.§.##
__####)..'..#.# ###§..##
###..#####..+.#+#$###+#
§§§.§#..##+####..$#y#
~~§§§+..#°.°..#..$###
~~§)§#.)#.°..°+.P$$$#
#+#####'###○).#.@2..#
)...###P+.#°○.###++##
#'###.###§#..##
....'.∩##§#°.#
...######§##+#
.......##§##.#
........+§####
'''######§# ........#§#


You could see a lorocyproca (invisible), a meliai (ally target) and a friendly
oklob plant (summoned).

Vanquished Creatures
  A centaur warrior (D)
  Sonja (D)
  A lindwurm (D)
  A shining eye (D)
  A demonic crawler (D)
  A gargoyle (D)
  2 unseen horrors (D)
  2 kobold demonologists (D)
  A slime creature (D)
  Sigmund (D)
  13 hogs (D)
  A yak (D)
  2 redbacks (D)
  2 floating eyes (D)
  An ogre (D)
  7 necrophages (D)
  4 jellies (D)
  Ijyb (D)
43 creatures vanquished.

Vanquished Creatures (collateral kills)
  A deep troll (D)
  7 shining eyes (D)
  A hornet (D)
  4 floating eyes (D)
  4 jellies (D)
17 creatures vanquished.

Vanquished Creatures (others)
  A centaur warrior (D)
  3 demonic crawlers (D)
  2 ballistomycete spores (D)
6 creatures vanquished.

Grand Total: 66 creatures vanquished

Notes
Turn   | Place    | Note
-------+----------+-------------------------------------------
     0 | D        | Heoruswealwe the Spriggan Artificer began the quest for the
                  | Orb.
     0 | D        | Reached XP level 1. HP: 9/9 MP: 2/2
     1 | D        | Noticed Ijyb
     7 | D        | Killed Ijyb
     8 | D        | Reached skill level 5 in Dodging
     8 | D        | Reached skill level 7 in Evocations
     8 | D        | Reached XP level 2. HP: 2/14 MP: 3/3
    64 | D        | Noticed an ogre
    65 | D        | Killed an ogre
    66 | D        | Reached skill level 5 in Stealth
    66 | D        | Reached skill level 10 in Evocations
    66 | D        | Reached XP level 3. HP: 17/17 MP: 4/4
    66 | D        | Reached XP level 4. HP: 21/21 MP: 5/5
    77 | D        | Noticed Sigmund
    78 | D        | Killed Sigmund
    79 | D        | Reached skill level 12 in Evocations
    79 | D        | Reached XP level 5. HP: 25/25 MP: 6/6
    79 | D        | Reached XP level 6. HP: 29/29 MP: 7/7
    94 | D        | Found an ornate altar of the Wu Jian Council.
    94 | D        | Found a shimmering blue altar of Sif Muna.
    97 | D        | Found a radiant altar of Vehumet.
   130 | D        | Found Jemyiloh's Distillery.
   130 | D        | Found an ancient bone altar of Kikubaaqudgha.
   130 | D        | Found a hazy altar of Hepliaklqana.
   130 | D        | Found a stormy altar of Qazlal.
   130 | D        | Found a hide-covered altar of Uskayaw.
   130 | D        | Found a blossoming altar of Fedhas.
   130 | D        | Found a bloodstained altar of Trog.
   130 | D        | Found an iron altar of Okawaru.
   130 | D        | Found a basalt altar of Yredelemnul.
   130 | D        | Found a glowing golden altar of the Shining One.
   130 | D        | Found a snail-covered altar of Cheibriados.
   130 | D        | Found a sacrificial altar of Ru.
   130 | D        | Found a glowing silver altar of Zin.
   130 | D        | Found a shadowy altar of Dithmenos.
   130 | D        | Found a white marble altar of Elyvilon.
   130 | D        | Noticed a yak
   135 | D        | Killed a yak
   136 | D        | Reached skill level 10 in Dodging
   136 | D        | Reached skill level 10 in Stealth
   136 | D        | Reached skill level 14 in Evocations
   139 | D        | Found an opulent altar of Gozag.
   140 | D        | Found a sparkling altar of Nemelex Xobeh.
   150 | D        | Noticed Sonja
   151 | D        | Killed Sonja
   152 | D        | Reached skill level 16 in Evocations
   152 | D        | Reached XP level 7. HP: 32/32 MP: 8/8
   158 | D        | Found a burning altar of Makhleb.
   158 | D        | Found a viscous altar of Jiyva.
   158 | D        | Found a shimmering altar of Xom.
   158 | D        | Found a corrupted altar of Lugonu.
   158 | D        | Noticed a slime creature
   173 | D        | Killed a slime creature
   174 | D        | Reached XP level 8. HP: 37/37 MP: 9/9
   196 | D        | Became a worshipper of Fedhas Madash
   259 | D        | Found Myrod's General Store.
   279 | D        | Noticed a deep troll
   295 | D        | Noticed a shining eye
   295 | D        | Noticed a shining eye
   295 | D        | Noticed a shining eye
   297 | D        | Noticed a shining eye
   298 | D        | Reached skill level 17 in Evocations
   303 | D        | Noticed a shining eye
   307 | D        | Killed a shining eye
   307 | D        | Reached * piety under Fedhas
   308 | D        | Reached skill level 18 in Evocations
   318 | D        | Noticed a shining eye
   323 | D        | Killed a shining eye
   324 | D        | Reached skill level 15 in Stealth
   324 | D        | Reached skill level 19 in Evocations
   324 | D        | Reached XP level 9. HP: 40/40 MP: 10/10
   326 | D        | Killed a shining eye
   326 | D        | Reached ** piety under Fedhas
   333 | D        | Gained mutation: You sometimes lose your temper in combat.
                  | [a shining eye]
   336 | D        | Gained mutation: You have sharp toenails. [a shining eye]
   337 | D        | Killed a shining eye
   338 | D        | Reached skill level 20 in Evocations
   353 | D        | Found Zocepna's Armour Emporium.
   377 | D        | Noticed a centaur warrior
   378 | D        | Noticed a centaur warrior
   410 | D        | Killed a shining eye
   411 | D        | Reached skill level 15 in Dodging
   412 | D        | Paralysed by a floating eye for 3 turns
   412 | D        | Reached *** piety under Fedhas
   415 | D        | Killed a deep troll
   416 | D        | Reached skill level 21 in Evocations
   419 | D        | Killed a shining eye
   420 | D        | Reached XP level 10. HP: 44/44 MP: 11/11
   422 | D        | Noticed a shining eye
   436 | D        | Killed a shining eye
   436 | D        | Reached **** piety under Fedhas
   437 | D        | Noticed a shining eye
   443 | D        | Killed a shining eye
   444 | D        | Reached skill level 22 in Evocations
   496 | D        | Noticed an oklob plant
   502 | D        | Killed a centaur warrior
   620 | D        | Found Daduull's Antique Armour Shoppe.
   620 | D        | Found Xocydocs's Weapon Shop.
   620 | D        | Found Usoad's Book Emporium.
   620 | D        | Found Voqobute's Weapon Boutique.
   636 | D        | Bought the +5 rapier "Bunaped" {freeze, Fly Dex+4} for 497
                  | gold pieces
   684 | D        | Reached ***** piety under Fedhas
   692 | D        | Noticed a demonic crawler
   692 | D        | Noticed a demonic crawler
   692 | D        | Noticed a demonic crawler
   692 | D        | Noticed a demonic crawler
   727 | D        | Killed a demonic crawler
   728 | D        | Reached skill level 23 in Evocations
   763 | D        | Reached skill level 5 in Invocations
   828 | D        | Found Sularuz's Antique Armour Boutique.
   828 | D        | Found Quboczir's Jewellery Emporium.
   828 | D        | Found Xeidirr's Antique Weapon Emporium.
   830 | D        | Found Imev's Magic Scroll Boutique.
   830 | D        | Found Wuidopni's Antique Armour Shoppe.
   830 | D        | Found Renwidd's Antique Weapon Shop.
   830 | D        | Found Nutza's Antique Weapon Emporium.
   830 | D        | Found Jeple's General Store.
   830 | D        | Found Bycuvvao's Assorted Antiques.
   830 | D        | Found Plog's Jewellery Shop.
   835 | D        | Found Patysav's Armour Emporium.
   836 | D        | Found Daoga's General Store.
   836 | D        | Found Xaikuoqe's Antique Weapon Shoppe.
   837 | D        | Found Zety's Antique Armour Shop.
   857 | D        | Reached XP level 11. HP: 43/48 MP: 16/16
   862 | D        | Reached ****** piety under Fedhas
  1086 | D        | Noticed a lindwurm
  1107 | D        | Killed a lindwurm
  1352 | D        | Bought a potion of mutation for 112 gold pieces
  1487 | D        | Bought the amulet of the Four Winds {rN+ Will+++ Clar} for
                  | 607 gold pieces
  1487 | D        | Found the amulet of the Four Winds {rN+ Will+++ Clar}
  1488 | D        | Bought a shimmering robe for 148 gold pieces
  1488 | D        | Identified the +2 robe of Resourcefulness {rElec rC- Will+
                  | Dex+5} (You bought it in a shop in the Dungeon)
  1490 | D        | Bought a scroll of magic mapping for 82 gold pieces
  1494 | D        | Bought a scroll of identify for 22 gold pieces
  1498 | D        | Bought a scroll of identify for 24 gold pieces
  1513 | D        | Lost mutation: You have sharp toenails. [potion of
                  | mutation]
  1513 | D        | Lost mutation: You sometimes lose your temper in combat.
                  | [potion of mutation]
  1513 | D        | Gained mutation: Armour fits poorly on your strangely
                  | shaped body. [potion of mutation]
  1513 | D        | Gained mutation: You are robust. (+10% HP) [potion of
                  | mutation]
  1513 | D        | Gained mutation: You have hidden genetic potential. [potion
                  | of mutation]
  1577 | D        | Noticed a lorocyproca
  1604 | D        | Killed from afar by a meliai

Illustrated notes

Levels and vault maps discovered:
D:        dungeon_sprint_1 [red_sonja_temple_1, red_sonja_temple_small_1]

Skill      XL: |  1  2  3  4  5  6  7  8  9 10 11 |
---------------+----------------------------------+-----
Dodging        | 5 7 9 11 12 13 15 17 18 | 18.3
Evocations     | 7 10 12 16 19 21 23 | 23.8
Stealth        | 5 8 12 13 15 17 19 20 | 20.7
Invocations    | 5 9 |  9.0
Fighting       | |  0.7

Action                     |  1- 3 |  4- 6 |  7- 9 | 10-12 || total
---------------------------+-------+-------+-------+-------++-------
  Melee: Rapier            |       |       |       |   141 ||   141
         Kick              |       |       |       |    63 ||    63
         Punch             |       |       |       |     1 ||     1
 Invoke: Overgrow          |       |       |       |     2 ||     2
         Grow Oklob        |       |       |       |     1 ||     1
  Evoke: Wand              |     7 |     4 |    15 |    21 ||    47
    Use: Potion            |       |       |       |     4 ||     4
         Scroll            |       |       |       |     3 ||     3
   Stab: Sleeping          |       |       |       |     3 ||     3
 Armour: Troll leather arm |       |       |       |     5 ||     5
  Dodge: Dodged            |       |       |     1 |   161 ||   162
